 Dungeon Crawl Stone Soup version 0.25-a0-544-gee0576305d (webtiles) character file.

Game seed: 1359688238219380947, levelgen mode: deterministic

53 Forecaster the Magician (level 3, 0/30 HPs)
             Began as a Naga Wizard on Feb 20, 2020.
             Slain by an adder (3 damage)
             ... on level 3 of the Dungeon.
             The game lasted 00:11:29 (1914 turns).

Forecaster the Magician (Naga Wizard)               Turns: 1914, Time: 00:11:29

Health: 0/30       AC:  2    Str: 10    XL:     3   Next: 89%
Magic:  1/8        EV:  8    Int: 18    God:
Gold:   95         SH:  2    Dex:  9    Spells: 4/9 levels left

rFire    . . .     SeeInvis +   c - +3 hand axe
rCold    . . .     Gourm    .   m - +0 buckler
rNeg     . . .     Faith    .   s - +0 leather armour
rPois    +         Spirit   .   b - +0 hat
rElec    .         Reflect  .   (no cloak)
rCorr    .         Harm     .   (no gloves)
MR       .....                  (no barding)
Stlth    ++........             (no amulet)
HPRegen  0.10/turn              (no ring)
MPRegen  0.11/turn              (no ring)

@: very slightly contaminated, very slow
A: large, see invisible, deformed body, poison resistance, slowness 2, slow
metabolism 1, spit poison 1, AC +1
a: Spit Poison


You were on level 3 of the Dungeon.
You were hungry.

You visited 1 branch of the dungeon, and saw 3 of its levels.

You collected 95 gold pieces.

Inventory:

Hand Weapons
 c - a +3 hand axe (weapon)
 j - a +0 dagger
 k - a +0 dagger
 l - a +2 dagger of draining
Missiles
 g - 123 stones (quivered)
Armour
 a - a +0 robe
 b - a +0 hat (worn)
 m - a +0 buckler (worn)
 s - a +0 leather armour (worn)
Wands
 p - a wand of acid (11)
Scrolls
 e - 2 scrolls of teleportation {unknown}
 f - a scroll of amnesia {unknown}
 h - 5 scrolls of identify {unknown}
 i - a scroll of enchant armour {unknown}
Potions
 n - a potion of curing {unknown}
 o - a potion of flight {unknown}
 q - a potion of degeneration {unknown}
Comestibles
 d - 5 rations


   Skills:
 + Level 0.4 Fighting
 + Level 0.3 Axes
 + Level 1.8 Dodging
 + Level 3.6 Stealth
 + Level 3.9 Spellcasting
 + Level 1.0 Conjurations
 + Level 1.1 Summonings
 + Level 1.0 Translocations


You had 4 spell levels left.
You knew the following spells:

 Your Spells              Type           Power        Failure   Level  Hunger
a - Magic Dart            Conj           #...         22%         1    None
b - Call Imp              Summ           #.......     32%         2    ##.....
c - Blink                 Tloc           N/A          32%         2    ##.....

Your spell library contained the following spells:

 Spells                   Type           Power        Failure   Level  Hunger
 Slow                     Hex            #.......     45%         2    ##.....
 Conjure Flame            Conj/Fire      #.......     63%         3    ###....
 Mephitic Cloud           Conj/Pois/Air  #.......     65%         3    ###....


Dungeon Overview and Level Annotations

Branches:
Dungeon (3/15)

Altars:


Innate Abilities, Weirdness & Mutations

You cannot wear boots.
Your serpentine skin is tough. (AC +1)
You have supernaturally acute eyesight. (SInv)
Armour fits poorly on your strangely shaped body.
Your system is resistant to poisons. (rPois)
You cover ground very slowly.
You have a slow metabolism.
You can spit poison.


Message History

The orc closely misses you.
The orc wizard hits you with a +0 dagger.
* * * LOW HITPOINT WARNING * * *
Casting: Call Imp (safe; 32% risk of failure)
Confirm with . or Enter, or press ? or * to list all spells.
You blink.
The adder hisses angrily.
You hit the orc wizard.
The orc wizard is lightly wounded.
You closely miss the orc. The orc wizard barely misses you.
The orc barely misses you.
The orc wizard hits you but does no damage.
The adder closely misses you.
The orc wizard casts a spell.
The orc wizard blinks!
The adder bites you.
* * * LOW HITPOINT WARNING * * *
You closely miss the adder. The adder bites you.
* * * LOW HITPOINT WARNING * * *
The adder bites you.
You die...

# #. .# ### #.#
###[(. #.#
......####.#
........##.## #
......ooS@..#.#
........##..#.#
.....)..o.....#
........†...###
####.######.# #.
####.###### #
##.........## ##.
#...#.###...#.
#...#.............


You could see an orc wizard, an adder and an orc.

Vanquished Creatures
  3 worms (D:2)
  A dart slug (D:1)
  3 bats
  3 giant cockroaches
  5 goblins
  3 hobgoblins
  5 kobolds
  2 quokkas (D:2)
  A frilled lizard (D:1)
  12 rats
38 creatures vanquished.

Vanquished Creatures (collateral kills)
  A worm (D:2)
  A ball python (D:3)
  4 hobgoblins
  A bat (D:3)
  A goblin (D:3)
8 creatures vanquished.

Grand Total: 46 creatures vanquished

Notes
Turn   | Place    | Note
-------+----------+-------------------------------------------
     0 | D:1      | Forecaster the Naga Wizard began the quest for the Orb.
     0 | D:1      | Reached XP level 1. HP: 15/15 MP: 4/4
   202 | D:1      | Reached XP level 2. HP: 19/22 MP: 3/6
   209 | D:1      | Learned a level 2 spell: Call Imp
   212 | D:1      | Learned a level 2 spell: Blink
   491 | D:1      | Reached XP level 3. HP: 16/28 MP: 2/8
  1914 | D:3      | Slain by an adder

Levels and vault maps discovered:
D:1:      kennysheep_arrival_seaside, layout_loops_ring, st_stairs_11,
          serial_bayou_pond_e
D:2:      layout_loops_ring
D:3:      layout_loops_ring, first_ration, roderic_serpentine_path

Action                   || total
-------------------------++-------
Melee: Hand axe          ||    64
 Cast: Magic Dart        ||    46
       Call Imp          ||    14
       Blink             ||     1
  Use: Scroll            ||     2
 Stab: Sleeping          ||     2
  Eat: Chunk             ||     2
Armor: Robe              ||     4
       Leather armour    ||     3
Dodge: Dodged            ||    30
Block: Buckler           ||     2

Table legend:
 A = Non-vault XP
 B = Vault XP
 C = Vault XP percentage of total XP
 D = Non-vault monster count
 E = Vault monster count
 F = Vault count percentage of total count
                 A         B        C        D         E       F
            +---------+---------+-------+---------+---------+-------
      Total |      71 |       6 |   7.8 |      43 |       3 |   6.5
            +---------+---------+-------+---------+---------+-------
        D:1 |      35 |       6 |  14.6 |      25 |       3 |  10.7
        D:2 |      27 |       0 |   0.0 |      11 |       0 |   0.0
        D:3 |       9 |       0 |   0.0 |       7 |       0 |   0.0
            +---------+---------+-------+---------+---------+-------
